AoeStats
← NewDefender1

Arabia

509519402Analyzed
1v1 RM · 7d ago on Sep 27, 2026· 48m 27s· 2 players
Game mode
Random Map
Map size
Tiny (2 player)
Population
200
Speed
Normal
Resources
Standard
Victory
Conquest
Starting age
Dark Age
Ending age
Imperial Age
RankedLock teamsTeams togetherTeam positionsShared explorationLock speedFull tech treeHidden civsTurbo modeCheats
Victory
Defeat
🇩🇪 Magyars · Germany
1446
+18
🇲🇦 Chinese · Morocco
1481
-18
NewDefender1
9:39 Feudal Age
7:54 Loom
10:02 Horse Collar
10:08 Double-Bit Axe
16:23 Wheelbarrow
20:04 Castle Age
18:07 Fletching
18:49 Scale Mail Armor
20:58 Bow Saw
20:49 Heavy Plow
22:06 Scale Barding Armor
22:35 Husbandry
25:42 Bloodlines
25:50 Gold Mining
27:19 Gold Shaft Mining
27:26 Town Watch
28:17 Chain Barding Armor
28:21 Bodkin Arrow
29:15 Hand Cart
30:11 Padded Archer Armor
31:29 Leather Archer Armor
37:00 Ballistics
40:45 Imperial Age
39:09 Masonry
39:33 Thumb Ring
40:15 Murder Holes
42:13 Parthian Tactics
41:52 Bracer
44:21 Chemistry
43:12 Heavy Cavalry Archer
44:44 Crop Rotation
45:14 Two-Man Saw
47:33 Siege Engineers
48:28 Hoardings
dragonslilver
0:52 Loom
9:32 Feudal Age
10:20 Double-Bit Axe
17:02 Fletching
18:06 Wheelbarrow
24:14 Castle Age
23:49 Forging
25:13 Bloodlines
25:53 Husbandry
26:21 Bow Saw
26:25 Scale Barding Armor
26:24 Gold Mining
32:06 Chain Barding Armor
35:03 Iron Casting
36:00 Pikeman
36:39 Horse Collar
37:50 Scale Mail Armor
38:14 Squires
46:48 Imperial Age
44:49 Chain Mail Armor
44:32 Bodkin Arrow
45:51 Elite Skirmisher
46:38 Thumb Ring
47:33 Bracer
47:34 Padded Archer Armor
48:11 Halberdier
Connection lost

Rejoining the realm…

Still unreachable

The connection could not be restored.

Session expired

The server has moved on; the page needs a fresh start.